Map: Rhoskallian LE

Players

llllllllllll

  • Race: Protoss Protoss
  • League: Master
  • Spawn Location: 5:00

JasCool

  • Race: Terran Terran
  • Spawn Location: 6:00

bigGoch - Winner!

  • Race: Zerg Zerg
  • League: Platinum
  • Spawn Location: 12:00

WolfsButcher - Winner!

  • Race: Terran Terran
  • League: Platinum
  • Spawn Location: 11:00

VOD

Have the link to the VOD?

Description

Time

  • Played on: Nov. 25, 2019, 5:38 a.m.
  • Length: 16:14
Show
View Real Time Build Order
Export as new Build Order

llllllllllll Protoss 

Build Orders:  

Get SALT Encoding   

  12  0:01  Probe  
  13  0:13  Probe  
  14  0:19  Pylon  
  14  0:25  Probe (Chrono Boost)  
  15  0:39  Probe (Chrono Boost)  
  15  0:40  Gateway  
  16  0:45  Probe (Chrono Boost)  
  16  0:48  Assimilator  
  17  0:53  Probe (Chrono Boost)  
  18  0:57  Assimilator  
  18  1:06  Probe (Chrono Boost)  
  19  1:14  Probe (Chrono Boost)  
  19  1:17  Gateway  
  20  1:20  Probe  
  21  1:29  Cybernetics Core  
  21  1:32  Probe  
  22  1:41  Pylon  
  22  1:44  Probe  
  23  2:05  Warp Gate (Chrono Boost)  
  23  2:07  Adept x2  
  27  2:28  Nexus  
  27  2:37  Adept  
  27  2:38  Adept  
  31  2:46  Pylon  
  31  2:59  Stargate  
  31  3:10  Stalker  
  29  3:42  Probe x2  
  29  3:44  Gateway  
  29  3:46  Gateway  
  31  3:50  Void Ray (Chrono Boost)  
  35  3:56  Sentry  
  35  3:58  Sentry  
  37  4:06  Probe (Chrono Boost)  
  37  4:07  Probe (Chrono Boost)  
  35  4:19  Probe x2 (Chrono Boost), Zealot  
  35  4:22  Zealot  
  36  4:25  Probe (Chrono Boost)  
  37  4:36  Probe  
  38  4:38  Pylon  
  36  4:49  Probe x2  
  35  4:59  Sentry  
  37  5:03  Sentry  
  37  5:04  Zealot x2  
  37  5:05  Probe x2  
  45  5:09  Void Ray (Chrono Boost)  
  49  5:16  Assimilator x2  
  49  5:17  Probe x2  
  51  5:25  Sentry  
  53  5:28  Pylon  
  53  5:29  Pylon, Probe  
  53  5:32  Pylon  
  54  5:35  Pylon  
  54  5:37  Probe  
  53  5:50  Probe x2  
  54  6:00  Stalker  
  54  6:01  Stalker  
  54  6:02  Sentry  
  54  6:03  Sentry  
  62  6:05  Probe x2  
  62  6:11  Void Ray (Chrono Boost)  
  68  6:25  Twilight Council  
  68  6:27  Sentry  
  68  6:28  Sentry x3  
  76  6:36  Pylon  
  76  6:38  Pylon  
  76  6:41  Probe x2  
  78  6:52  Zealot  
  78  6:53  Zealot  
  82  6:55  Sentry  
  82  6:56  Sentry  
  86  7:06  Probe x2  
  88  7:10  Charge (Chrono Boost)  
  88  7:18  Pylon  
  86  7:35  Stalker x2, Zealot x2  
  78  7:58  Shield Battery  
  78  8:00  Shield Battery x2  
  78  8:01  Stalker x4  
  78  8:02  Shield Battery  
  86  8:05  Probe  
  86  8:06  Probe  
  88  8:13  Pylon  
  88  8:31  Zealot  
  88  8:32  Zealot x3  
  88  8:36  Robotics Facility  
  80  8:51  Pylon  
  80  8:53  Zealot x3  
  86  9:01  Probe  
  86  9:02  Probe  
  88  9:12  Gateway  
  88  9:13  Gateway  
  88  9:16  Stalker x2  
  82  9:18  Probe  
  82  9:21  Probe  
  77  9:49  Zealot x3  
  79  10:09  Zealot x3  
  73  10:18  Pylon, Probe x2  
  69  10:23  Zealot x2  
  69  10:26  Templar Archives  
  73  10:34  Void Ray  
  73  10:35  Zealot x3  
  76  10:38  Probe  
  78  11:01  Gateway  
  74  11:15  High Templar x5  
  63  11:27  Archon  
  63  11:28  Archon  
  59  11:48  High Templar x2  
  59  11:52  Archon, Gateway  
  59  11:53  Gateway  
  59  11:56  Gateway  
  59  12:15  Probe x2  
  61  12:30  Pylon x2, Probe x2  
  61  12:33  Pylon  
  61  12:35  High Templar x2  
  67  12:39  Archon  
  67  12:41  Void Ray  
  67  12:47  High Templar  
  69  12:52  High Templar x2  
  69  12:57  Archon x2  
  75  13:05  Nexus  
  73  13:17  Zealot  
  73  13:18  Zealot  
  75  13:31  Zealot x2  
  74  13:49  Stalker x2  
  78  14:14  Pylon  
  78  14:15  Pylon  
  78  14:24  Probe x3  
  81  14:37  High Templar x2  
  85  14:38  Stalker  
  85  14:41  Probe  
  85  14:43  Probe  
  89  14:45  Probe  
  89  14:46  Archon  
  90  14:57  Probe x3 (Chrono Boost)  
  92  15:10  Probe (Chrono Boost)  
  95  15:14  Probe x2 (Chrono Boost)  
  95  15:15  Assimilator x2  
  95  15:16  Probe (Chrono Boost)  
  95  15:20  Probe x2 (Chrono Boost)  
  98  15:24  Probe  
  71  15:47  Stalker  
  71  15:48  Stalker x4  
  52  16:00  Stalker  
  52  16:01  Stalker  
Show
View Real Time Build Order
Export as new Build Order

JasCool Terran 

Build Orders:  

Get SALT Encoding   

  12  0:23  Supply Depot  
  12  0:34  Refinery  
  12  0:39  Refinery  
  12  0:48  SCV  
  13  1:00  SCV  
  14  1:12  SCV  
  15  1:20  Barracks  
  15  1:25  SCV  
  16  1:37  SCV  
  16  1:38  Supply Depot  
  17  2:04  Engineering Bay  
  17  2:11  Barracks  
  17  2:26  Marine  
  18  2:44  Marine  
  19  3:01  Marine  
  20  3:19  Marine  
  18  3:37  Marine  
  13  3:56  Marine  
Show
View Real Time Build Order
Export as new Build Order

bigGoch Zerg - Winner!

Build Orders: Pool First 

Get SALT Encoding   

  12  0:02  Drone  
  13  0:16  Drone  
  13  0:21  Overlord  
  14  0:30  Extractor x2  
  14  0:31  Drone x2  
  16  0:41  Drone  
  17  0:52  Drone  
  18  1:00  Extractor  
  18  1:03  Spawning Pool  
  16  1:05  Drone  
  17  1:14  Drone  
  18  1:26  Hatchery  
  18  1:31  Overlord  
  17  1:37  Drone  
  18  1:51  Queen  
  20  1:56  Drone x2  
  22  2:07  Drone  
  23  2:11  Metabolic Boost  
  23  2:19  Overlord  
  23  2:26  Zergling x2  
  24  2:36  Zergling x2  
  25  2:39  Zergling x2  
  25  2:40  Queen  
  28  2:46  Baneling Nest  
  28  2:49  Zergling x2  
  28  3:05  Zergling x6  
  30  3:06  Zergling x6  
  33  3:13  Zergling x2, Spine Crawler  
  32  3:20  Zergling x2  
  32  3:30  Zergling x10  
  35  3:45  Zergling x4  
  35  3:46  Zergling x2  
  38  3:51  Lair  
  37  4:14  Drone  
  37  4:15  Drone x5  
  40  4:25  Drone x3  
  42  4:34  Drone  
  42  4:35  Drone  
  42  4:36  Drone  
  42  4:45  Drone x2  
  40  4:52  Extractor, Spire  
  36  4:53  Zergling x2  
  36  4:54  Zergling x2, Spore Crawler  
  37  5:05  Zergling x6  
  40  5:09  Spore Crawler  
  39  5:22  Extractor  
  39  5:24  Extractor  
  37  5:32  Drone  
  37  5:33  Drone x4  
  37  5:34  Hatchery  
  40  5:43  Drone x4  
  42  5:52  Drone x2  
  42  5:53  Overlord  
  41  6:07  Spore Crawler x2  
  41  6:08  Drone x3  
  42  6:14  Spore Crawler  
  41  6:20  Queen  
  43  6:34  Spine Crawler  
  43  6:36  Queen, Spine Crawler  
  43  6:41  Drone  
  43  6:42  Drone x2  
  43  6:43  Drone  
  47  6:48  Drone  
  47  6:50  Drone x2  
  47  6:53  Drone  
  51  7:05  Corruptor  
  51  7:06  Corruptor  
  55  7:13  Spore Crawler  
  53  7:18  Zergling x2  
  53  7:19  Zergling x4  
  56  7:29  Spine Crawler  
  49  7:46  Zergling x6  
  49  7:47  Zergling x4  
  49  7:49  Corruptor x2  
  55  7:59  Spore Crawler  
  55  8:00  Spine Crawler  
  55  8:02  Spine Crawler  
  55  8:03  Mutalisk  
  52  8:07  Baneling x3  
  52  8:08  Baneling  
  52  8:13  Queen  
  46  8:30  Zergling x4  
  46  8:31  Zergling x8  
  50  8:45  Zergling x8  
  50  8:48  Spine Crawler  
  45  8:49  Spine Crawler  
  45  8:53  Zergling x2, Spine Crawler  
  38  8:57  Zergling x2  
  39  9:09  Zergling x2  
  33  9:10  Zergling x2  
  33  9:14  Spine Crawler  
  28  9:31  Zergling x4  
  28  9:32  Zergling x4  
  28  9:38  Zergling x2  
  33  9:45  Zergling x2  
  33  10:00  Zergling x2  
  33  10:05  Zergling x2  
  34  10:14  Zergling x6  
  33  10:40  Roach Warren  
  33  10:41  Drone x3  
  35  10:55  Baneling x4  
  35  10:56  Baneling x4  
  35  11:02  Zergling x2  
  25  11:27  Zergling x4  
  25  11:28  Zergling x2  
  22  11:42  Spine Crawler  
  2  13:36  Hatchery  
  1  13:44  Drone  
  2  14:51  Drone  
  3  15:30  Drone  
Show
View Real Time Build Order
Export as new Build Order

WolfsButcher Terran - Winner!

Build Orders: Command Center First (CC) 

Get SALT Encoding   

  12  0:01  SCV  
  13  0:13  SCV  
  14  0:20  Supply Depot  
  14  0:27  SCV  
  15  0:42  SCV  
  16  0:54  SCV  
  17  1:12  Refinery  
  17  1:14  SCV  
  17  1:16  Command Center  
  18  1:26  Engineering Bay  
  18  1:45  SCV  
  19  1:53  Barracks  
  19  1:59  SCV  
  20  2:12  SCV  
  21  2:52  Planetary Fortress  
  21  3:06  Orbital Command  
  21  3:33  SCV  
  19  3:40  Factory  
  19  3:45  SCV  
  19  3:47  Missile Turret  
  20  3:51  Missile Turret  
  20  3:57  Hi-Sec Auto Tracking, SCV  
  21  4:04  SCV  
  21  4:09  Refinery, SCV  
  23  4:10  Reaper  
  23  4:16  SCV  
  25  4:26  Factory Tech Lab  
  25  4:28  SCV  
  26  4:55  Siege Tank  
  26  4:56  SCV  
  30  5:02  SCV  
  31  5:08  SCV  
  31  5:14  SCV  
  33  5:16  Missile Turret  
  33  5:18  Missile Turret  
  33  5:20  SCV  
  33  5:21  Missile Turret  
  34  5:25  Missile Turret  
  34  5:26  SCV  
  34  5:27  Missile Turret  
  35  5:29  Missile Turret  
  35  5:30  Barracks Reactor  
  35  5:32  SCV  
  36  5:38  Missile Turret x2, SCV  
  37  5:43  Missile Turret  
  37  5:45  SCV  
  38  6:01  Supply Depot  
  38  6:04  Supply Depot  
  38  6:07  Refinery  
  38  6:10  Refinery  
  38  6:22  SCV  
  39  6:33  Starport  
  39  6:37  SCV  
  39  6:38  Starport, SCV  
  41  6:49  SCV  
  41  6:50  SCV  
  43  7:02  SCV x2  
  45  7:10  Starport Reactor  
  45  7:14  Starport Reactor, SCV  
  46  7:21  Supply Depot  
  46  7:22  Starport  
  46  7:28  Siege Tank  
  49  7:41  Command Center  
  49  7:46  Marine x2  
  51  8:04  Marine x2  
  53  8:12  Starport Reactor  
  53  8:13  Viking x4  
  60  8:41  SCV  
  60  8:42  SCV  
  62  8:52  Viking  
  62  8:53  Siege Tank  
  62  8:54  SCV x2  
  69  8:57  Supply Depot  
  69  9:00  Viking  
  69  9:01  Viking x2  
  75  9:06  SCV x2  
  77  9:18  Viking x2, SCV x2  
  77  9:21  Planetary Fortress  
  75  9:30  SCV  
  76  9:49  Viking x3  
  82  10:13  SCV  
  77  10:18  SCV  
  78  10:26  SCV  
  79  10:38  SCV  
  80  10:44  Viking  
  78  10:50  SCV  
  74  11:02  Supply Depot, SCV  
  51  11:52  Viking x3  
  57  12:04  Viking  
  55  12:23  Supply Depot  
  55  12:25  Viking  
  57  12:53  Siege Tank  
  57  12:57  SCV  
  61  13:00  SCV  
  62  13:10  SCV  
  63  13:22  SCV  
  61  14:00  Viking  
  61  14:01  Viking x2  
  67  14:49  Siege Tank  
  70  15:08  SCV  
  71  15:20  SCV  
  72  15:32  SCV  
  66  15:44  SCV  
Tags
 
Add a new tag
Caveats
  • Supply blocks, unpowered buildings, or Contaminate may cause inaccurate times.
  • Supply counts are checked every 10 seconds.